Map: Acid Plant LE

Players

StWaffle - Winner!

  • Race: Zerg Zerg
  • League: Diamond
  • Spawn Location: 5:00

MrSteven

  • Race: Protoss Protoss
  • League: Platinum
  • Spawn Location: 11:00

VOD

Have the link to the VOD?

Description

at my most clearheaded and creative. Made up my own style, think it;s kinda cool. worked against terran a few times too.

Time

  • Played on: May 11, 2018, 6:57 p.m.
  • Length: 19:27
Show
View Real Time Build Order
Export as new Build Order

StWaffle Zerg - Winner!

Build Orders: Hatch First, Swarm Host 

Get SALT Encoding   

  12  0:01  Drone  
  13  0:12  Overlord  
  13  0:17  Drone  
  14  0:30  Drone x2  
  14  0:34  Drone  
  17  0:52  Hatchery  
  17  0:55  Drone  
  17  0:59  Drone  
  17  1:01  Extractor  
  17  1:16  Spawning Pool  
  17  1:18  Drone  
  17  1:21  Drone  
  18  1:29  Drone  
  19  1:38  Overlord  
  19  1:51  Drone  
  20  2:05  Queen  
  20  2:06  Queen  
  24  2:17  Drone x4  
  24  2:22  Overlord  
  28  2:29  Drone  
  29  2:34  Drone  
  30  2:41  Queen x2  
  34  2:47  Overlord  
  34  2:55  Drone x3  
  37  3:00  Roach Warren  
  36  3:06  Drone x2  
  36  3:10  Drone  
  39  3:29  Drone x4  
  39  3:31  Hatchery  
  42  3:36  Lair  
  42  3:40  Extractor x2, Drone  
  42  3:41  Extractor  
  40  3:54  Drone  
  38  4:02  Drone  
  38  4:03  Drone x2  
  36  4:11  Drone  
  36  4:19  Drone x6  
  42  4:30  Drone x2  
  43  4:34  Glial Reconstitution  
  43  4:42  Evolution Chamber x2  
  41  4:46  Drone x4  
  45  4:52  Spore Crawler  
  45  4:54  Spore Crawler  
  43  5:05  Roach  
  43  5:06  Roach x5  
  55  5:13  Zerg Ground Armor Level 1  
  55  5:16  Zerg Missile Weapons Level 1  
  55  5:29  Overlord  
  55  5:30  Overlord x2  
  55  5:53  Overseer  
  53  5:57  Spine Crawler  
  53  5:59  Spine Crawler  
  53  6:00  Spine Crawler x2, Roach x3  
  55  6:09  Spine Crawler  
  55  6:10  Spine Crawler  
  45  6:38  Roach  
  45  6:39  Roach x5  
  53  6:48  Roach  
  53  6:49  Roach  
  53  6:50  Overlord x3  
  57  7:03  Overlord x2  
  57  7:10  Drone x7  
  66  7:23  Roach x3  
  66  7:24  Roach  
  72  7:46  Roach  
  72  7:47  Roach x5  
  84  7:55  Drone  
  84  7:56  Drone x2  
  87  8:05  Zerg Missile Weapons Level 2, Zerg Ground Armor Level 2  
  87  8:10  Burrow  
  87  8:13  Tunneling Claws  
  87  8:20  Drone  
  87  8:21  Drone x5  
  93  8:27  Overseer  
  93  8:44  Pneumatized Carapace  
  93  8:48  Drone x5  
  94  8:50  Overlord x3, Overseer  
  98  8:58  Extractor  
  98  8:59  Extractor  
  98  9:00  Ravager  
  98  9:01  Ravager  
  98  9:05  Extractor, Hatchery  
  98  9:08  Extractor  
  95  9:13  Infestation Pit  
  94  9:32  Drone x12  
  94  9:33  Drone x3  
  109  9:50  Pathogen Glands  
  109  9:51  Swarm Host  
  112  10:05  Hive, Roach x20  
  112  10:14  Drone  
  112  10:15  Drone  
  112  10:16  Overlord  
  112  10:17  Overlord x2  
  114  10:23  Roach x20  
  114  10:25  Roach x10  
  114  10:26  Roach x8  
  114  10:33  Roach x7  
  114  10:34  Swarm Host x5  
  114  10:35  Swarm Host x2  
  135  10:37  Overlord x2  
  135  10:38  Overlord x3  
  115  10:56  Swarm Host  
  115  10:57  Swarm Host x5  
  123  11:08  Swarm Host  
  123  11:09  Swarm Host x2  
  126  11:16  Drone  
  126  11:17  Drone x4  
  127  11:51  Roach  
  127  11:52  Roach x9  
  147  12:00  Drone  
  148  12:09  Ultralisk Cavern  
  148  12:12  Zerg Ground Armor Level 3, Zerg Melee Weapons Level 1  
  147  12:16  Roach x5  
  157  12:27  Extractor  
  157  12:28  Drone x3  
  159  12:56  Chitinous Plating  
  159  12:57  Overlord x3  
  159  12:58  Overlord x2  
  159  13:16  Hatchery  
  158  13:34  Ultralisk  
  158  13:35  Spire, Ultralisk x6  
  199  13:46  Roach x15  
  199  14:13  Ravager  
  168  14:43  Roach x5  
  168  14:45  Hatchery  
  153  14:57  Roach x4  
  153  14:59  Greater Spire  
  120  15:21  Overseer  
  118  15:25  Corruptor x8  
  118  15:26  Corruptor  
  136  15:49  Zerg Melee Weapons Level 2  
  132  15:57  Ultralisk  
  132  15:58  Ultralisk x5  
  168  16:39  Brood Lord  
  170  16:42  Brood Lord x6  
  182  17:10  Zergling x2  
  182  17:11  Zergling x22  
  182  17:14  Adrenal Glands  
  194  17:23  Extractor  
  193  17:31  Zergling x2  
  193  17:32  Zergling x6  
  166  18:16  Roach x9  
  166  18:17  Roach x3  
  159  18:46  Roach  
  159  18:47  Roach x7  
Show
View Real Time Build Order
Export as new Build Order

MrSteven Protoss 

Build Orders:  

Get SALT Encoding   

  12  0:00  Probe  
  13  0:13  Probe  
  14  0:21  Pylon  
  14  0:25  Probe  
  15  0:39  Gateway  
  15  0:40  Probe  
  15  0:43  Assimilator  
  15  0:48  Probe  
  16  0:56  Assimilator  
  17  0:58  Probe  
  18  1:14  Probe, Gateway  
  19  1:22  Probe  
  19  1:30  Cybernetics Core  
  20  1:34  Pylon  
  20  1:39  Probe  
  21  1:51  Probe  
  22  2:02  Pylon  
  22  2:06  Warp Gate  
  22  2:10  Twilight Council  
  22  2:13  Adept  
  24  2:19  Adept  
  26  2:34  Probe  
  27  2:46  Probe  
  28  2:57  Templar Archives  
  28  2:58  Probe  
  28  3:03  Charge  
  28  3:11  Zealot  
  30  3:22  Gateway  
  30  3:24  Gateway  
  30  3:27  Zealot  
  32  3:38  Stalker  
  34  4:13  Psionic Storm, Zealot x2  
  36  4:34  Zealot  
  38  4:39  Nexus  
  38  4:42  Pylon  
  38  4:43  Pylon  
  38  5:02  High Templar  
  38  5:04  Stalker x2  
  44  5:12  Probe  
  45  5:24  Probe  
  45  5:26  Assimilator  
  45  5:27  High Templar  
  48  5:31  Zealot  
  48  5:32  Zealot  
  52  5:36  Probe  
  53  5:49  Probe  
  54  6:01  Probe  
  54  6:03  Probe  
  54  6:04  Stargate  
  56  6:13  Probe  
  56  6:15  Probe  
  58  6:25  Probe  
  59  6:28  Probe  
  60  6:37  Probe  
  51  6:43  Zealot x2  
  51  6:44  Zealot x2  
  59  6:49  Robotics Facility, Probe x2  
  59  6:50  Robotics Facility  
  61  7:00  Probe  
  57  7:02  Probe  
  59  7:08  Assimilator  
  59  7:10  Zealot x3  
  59  7:14  Probe  
  66  7:19  Probe  
  66  7:20  Phoenix  
  69  7:26  Probe  
  70  7:32  Forge  
  70  7:36  Pylon  
  70  7:39  Pylon  
  70  7:43  Pylon  
  70  7:49  Probe  
  70  7:54  Probe, Immortal  
  75  7:59  Pylon  
  75  8:01  Probe  
  75  8:04  Phoenix  
  78  8:06  Probe  
  79  8:13  Zealot x2  
  79  8:14  Probe  
  84  8:30  Zealot  
  84  8:32  Immortal x2  
  90  8:34  Protoss Ground Weapons Level 1  
  94  8:49  Probe  
  94  8:50  Zealot x2  
  99  9:11  Observer  
  99  9:15  Zealot  
  102  9:26  Nexus  
  102  9:32  Pylon  
  102  9:40  Pylon  
  102  9:42  Pylon x2  
  102  9:44  Pylon  
  102  9:50  Immortal  
  106  9:57  Assimilator  
  106  9:59  Pylon  
  106  10:01  Pylon  
  106  10:02  Assimilator, High Templar x2  
  106  10:03  High Templar x2  
  114  10:29  Immortal  
  118  10:37  Probe  
  118  10:38  Probe  
  118  10:40  Probe  
  121  10:49  Probe  
  116  10:50  Probe  
  116  10:52  Probe  
  116  10:56  Zealot x4  
  126  11:02  Probe x2  
  128  11:12  Immortal x2  
  128  11:13  Probe  
  128  11:14  Probe x2  
  139  11:25  Probe, Zealot x2  
  142  11:26  Protoss Ground Weapons Level 2, Probe, Zealot x2  
  141  11:53  Probe x3  
  136  12:01  High Templar x3  
  136  12:08  Robotics Bay  
  138  12:21  Fleet Beacon  
  138  12:27  Forge x2  
  138  12:30  Gateway  
  138  12:32  Nexus  
  138  12:36  Gateway  
  138  12:37  Gateway, Assimilator, Zealot x2  
  138  12:39  Assimilator, Pylon  
  138  12:40  Pylon  
  138  12:43  Archon x2  
  142  12:44  Gateway  
  142  12:45  High Templar  
  142  12:48  Disruptor x2  
  142  12:49  Pylon  
  144  12:53  Pylon  
  144  12:55  Pylon  
  150  13:12  High Templar x3  
  156  13:18  Probe x3  
  159  13:32  Zealot  
  161  13:37  Disruptor  
  164  13:43  Protoss Ground Weapons Level 3  
  164  13:49  Stalker x2  
  168  14:13  Disruptor  
  133  14:42  Zealot x6  
  133  14:43  Zealot x2  
  104  15:04  Immortal x2  
  98  15:23  Zealot x2  
  98  15:24  Zealot x5  
  98  15:25  Zealot  
  110  15:30  Probe  
  111  15:37  Disruptor x2  
  113  15:50  Zealot x3  
  113  15:51  High Templar  
  113  15:52  High Templar x4  
  129  16:08  Protoss Ground Armor Level 1  
  129  16:10  Gateway  
  129  16:12  Immortal  
  129  16:13  Gateway, Immortal  
  129  16:15  Photon Cannon  
  129  16:17  Photon Cannon x2  
  129  16:19  Zealot x3  
  129  16:20  Photon Cannon x2  
  143  16:26  Protoss Shields Level 1  
  143  16:38  Zealot x3  
  143  16:39  Zealot  
  151  16:41  High Templar  
  153  16:49  Immortal  
  153  16:50  Immortal  
  153  16:53  Zealot x2  
  153  16:54  Zealot  
  167  17:09  Shield Battery  
  167  17:10  Shield Battery  
  167  17:14  Shield Battery, Zealot  
  167  17:15  Zealot x4  
  177  17:16  Stalker x2, Shield Battery  
  181  17:28  Disruptor  
  181  17:29  Disruptor  
  187  17:49  Zealot x2  
  187  17:50  Zealot x4  
  199  18:04  Observer  
  87  18:34  Stalker x2  
  87  18:35  Stalker x4  
  87  18:36  Stalker  
  87  18:37  Stalker  
  87  18:38  Stalker x2  
  106  18:42  Phoenix  
  91  19:06  Stalker x2  
  91  19:07  Stalker  
  91  19:08  Stalker  
Tags
 
Composition
Swarm Host
Matchup
PvZ
Spawn Locations
Cross Positions
Add a new tag
Caveats
  • Supply blocks, unpowered buildings, or Contaminate may cause inaccurate times.
  • Supply counts are checked every 10 seconds.